 Dungeon Crawl Stone Soup version 0.28-a0-535-g6f645e4c1d (webtiles) character file.

Game seed: 3348667191671587681

152 varam the Gusty (level 5, 38/38 HPs)
             Began as a Draconian Air Elementalist on Sept 26, 2021.
             Was an Initiate of Sif Muna.
             Quit the game on level 3 of the Dungeon.
             The game lasted 00:09:11 (3791 turns).

varam the Gusty (Draconian Air Elementalist)        Turns: 3791, Time: 00:09:12

Health: 38/38      AC:  6    Str: 11    XL:     5   Next: 11%
Magic:  8/8        EV: 12    Int: 16    God:    Sif Muna [......]
Gold:   84         SH:  0    Dex: 11    Spells: 1/8 levels left

rFire   . . .      SeeInvis .   a - +0 hand axe (elec)
rCold   . . .      Faith    .   (no shield)
rNeg    . . .      Spirit   .   (armour unavailable)
rPois   +          Reflect  .   (helmet restricted)
rElec   .          Harm     .   (no cloak)
rCorr   .          Rampage  .   (no gloves)
Will    .....                   k - +0 pair of boots
Stlth   ++........              (no amulet)
HPRegen 0.12/turn               o - ring of poison resistance
MPRegen 0.11/turn               (no ring)

@: no status effects
A: AC +5, unfitting armour, cold-blooded
a: Renounce Religion


You were on level 3 of the Dungeon.
You worshipped Sif Muna.
Sif Muna was noncommittal.
You visited 1 branch of the dungeon, and saw 3 of its levels.

You collected 84 gold pieces.

Inventory:

Hand Weapons
 a - a +0 hand axe of electrocution (weapon)
   (You found it on level 1 of the Dungeon)
 e - a +3 whip of freezing
   (You found it on level 3 of the Dungeon)
 i - a +1 antimagic whip
   (You took it off a kobold on level 2 of the Dungeon)
Armour
 b - a +2 kite shield
   (You took it off a hobgoblin on level 1 of the Dungeon)
 k - a +0 pair of boots (worn)
   (You found it on level 2 of the Dungeon)
Jewellery
 o - a ring of poison resistance (left hand)
   (You found it on level 3 of the Dungeon)
Scrolls
 d - a scroll of vulnerability
 t - a scroll of teleportation
Potions
 h - a potion of haste
 m - a potion of attraction
 w - 2 potions of heal wounds


   Skills:
 - Level 1.7 Dodging
 - Level 1.7 Stealth
 - Level 2.0 Spellcasting
 + Level 3.5 Conjurations
 + Level 4.6 Air Magic


You had one spell level left.
You knew the following spells:

 Your Spells              Type           Power      Damage    Failure   Level
a - Shock                 Conj/Air       56%        1d6       3%          1
b - Static Discharge      Conj/Air       14%        N/A       6%          2
c - Airstrike             Air            8%         N/A       30%         4

Your spell library contained the following spells:

 Spells                   Type           Power      Damage    Failure   Level
 Animate Skeleton         Necr           2%         N/A       21%         1
 Beastly Appendage        Tmut           2%         N/A       21%         1
 Pain                     Necr           4%         1d4       21%         1
 Swiftness                Air            16%        N/A       10%         3
 Corpse Rot               Necr/Air       N/A        N/A       12%         2
 Wereblood                Tmut           1%         N/A       30%         2
 Spider Form              Tmut/Pois      0%         N/A       52%         3
 Vampiric Draining        Necr           0%         2d6       52%         3
 Dispel Undead            Necr           1%         3d6       90%         4
 Leda's Liquefaction      Hex/Erth       0%         N/A       90%         4
 Lee's Rapid Deconstruct  Erth           0%         3d5*      99%         5
 Death Channel            Necr           0%         N/A       100%        6
 Statue Form              Tmut/Erth      0%         N/A       100%        6


Dungeon Overview and Level Annotations

Branches:
Dungeon (3/15)

Altars:
Hepliaklqana
Sif Muna
The Shining One


Innate Abilities, Weirdness & Mutations

Your plain brown scales are hard. (AC +5)
You cannot fit into any form of body armour.
You are cold-blooded and may be slowed by cold attacks.


Message History

Found an escape hatch in the ceiling.
There is an escape hatch in the ceiling here.
Found 20 stones.
Found an escape hatch in the floor.
There is an escape hatch in the floor here.
There is an escape hatch in the floor here.
Found 19 bolts.
You see here 19 bolts.
There is a stone staircase leading up here.
You see here a +0 club.
You see here a +0 whip.
You enter the shallow water.
Moving in this stuff is going to be slow.
Done exploring.
Okay, then.
o - a ring of poison resistance (left hand)
As you read the scroll labelled RETEVV CEOSY, it crumbles to dust.
You feel strangely unstable.
It was a scroll of teleportation.
t - a scroll of teleportation
As you read the scroll labelled OCUAM GEUQOPNYMA, it crumbles to dust.
Your body is wracked with pain!
It was a scroll of torment.
As you read the scroll labelled ROMNAT MEHOAFF, it crumbles to dust.
You speak a Word of immense power!
It was a scroll of holy word.
As you read the scroll labelled YDIZXI HOUT, it crumbles to dust.
You assume a fearsome visage.
Nothing appears to happen.
It was a scroll of fear.
This is a scroll of acquirement!
You see here a book of Changes.
Something appears at your feet!
Your surroundings suddenly seem different.
Okay, then.
You enter the shallow water.
Moving in this stuff is going to be slow.
You enter the shallow water.
Moving in this stuff is going to be slow.
Why would you want to do that?
You pick up a book of Changes and begin reading...
You add the spells Beastly Appendage, Wereblood and Spider Form to your library.
Okay, then.
Done exploring.
Are you sure you want to abandon this character and quit the game? (Confirm with "yes".)

####### ......# #####.# #
##.## # ##...## ###
###.#.#.## ###≈###
##.##.##.#####≈≈≈≈≈#########
.).........##≈≈≈≈≈≈≈##.....#
##.##.##.###≈≈≈.@..≈≈#####.#
.##.#.#.####≈≈≈####.≈## #.##
.......##8.8.8##..##≈≈# #..#
)##.......)...'..._#≈≈# #..#
.########8.8.8##..##≈≈####..#
.# ####≈≈≈####.≈##.....#
.##### #≈≈≈....≈≈##.###.####
.....# ##≈≈≈≈≈≈≈###.###....#
####.## ###≈≈≈≈≈## #.>..###.#


There were no monsters in sight!

Vanquished Creatures
  An orc wizard (D:3)
  4 adders (D:2)
  A worm (D:2)
  4 orcs (D:3)
  5 bats
  12 endoplasms
  A giant cockroach (D:3)
  4 goblins
  10 hobgoblins
  4 jackals (D:2)
  2 quokkas (D:1)
  7 ball pythons
  6 frilled lizards
  6 kobolds
  14 rats
81 creatures vanquished.

Notes
Turn   | Place    | Note
-------+----------+-------------------------------------------
     0 | D:1      | varam the Draconian Air Elementalist began the quest for
                  | the Orb.
     0 | D:1      | Reached XP level 1. HP: 14/14 MP: 3/3
   348 | D:1      | Reached XP level 2. HP: 20/20 MP: 1/5
   547 | D:1      | Learned a level 2 spell: Static Discharge
   710 | D:1      | Reached XP level 3. HP: 25/26 MP: 6/6
  1460 | D:2      | Reached skill level 4 in Air Magic
  1812 | D:2      | Reached XP level 4. HP: 33/33 MP: 4/7
  1972 | D:2      | Found a faded altar of an unknown god.
  2656 | D:3      | Found a hazy altar of Hepliaklqana.
  2788 | D:3      | Found a glowing golden altar of the Shining One.
  2839 | D:3      | Reached XP level 5. HP: 20/38 MP: 5/8
  3057 | D:3      | Learned a level 4 spell: Airstrike
  3076 | D:3      | Found a shimmering blue altar of Sif Muna.
  3220 | D:3      | Became a worshipper of Sif Muna the Loreminder
  3650 | D:3      | Identified a scroll of acquirement
  3650 | D:3      | Acquired a book of Changes
  3791 | D:3      | Quit the game

Illustrated notes

Levels and vault maps discovered:
D:1:      scummos_arrival_simple_fountains, layout_basic, minmay_tetromino_i4
D:2:      layout_loops_ring, shapermc_ecumenical_altar_mp_vishouse,
          minmay_vboxes
D:3:      layout_loops_ring, mainiacjoe_overflow_tiny_flanked,
          kennysheep_orc_sif_temple, mainiacjoe_overflow_24_doors

Skill      XL: |  1  2  3  4 |
---------------+-------------+-----
Conjurations   | 2 3 |  3.5
Air Magic      | 4 |  4.6
Dodging        | |  1.7
Stealth        | |  1.7
Spellcasting   | |  2.0

Action                   |  1- 3 |  4- 6 || total
-------------------------+-------+-------++-------
Melee: Hand axe          |    66 |    81 ||   147
       Tailslap          |     6 |    14 ||    20
 Cast: Shock             |    36 |    18 ||    54
  Use: Scroll            |       |    10 ||    10
 Stab: Sleeping          |     1 |     3 ||     4
       Distracted        |       |     1 ||     1
Armor: Skin              |    28 |    46 ||    74
Dodge: Dodged            |    71 |    65 ||   136

Table legend: (Time is in decaauts)
 A = Elapsed time spent in this place.
 B = Non-inter-level travel time spent in this place.
 C = Inter-level travel time spent in this place.
 D = Time resting spent in this place.
 E = Time spent auto-exploring this place.
 F = Levels seen in this place.
 G = Mean time per level.
                   A        B        C        D        E       F      G
               +--------+--------+--------+--------+--------+-----+--------+
         Total |   3841 |   3771 |     70 |    118 |   2982 |   3 | 1280.3 |
       Dungeon |   3841 |   3771 |     70 |    118 |   2982 |   3 | 1280.3 |
               +--------+--------+--------+--------+--------+-----+--------+

Top non-repeatable levels by time:
     D:2: 1392 daAuts
     D:3: 1267 daAuts
     D:1: 1182 daAuts
